 Dungeon Crawl Stone Soup version 0.21.0-37-g46506fa (webtiles) character file.

236 rb the Spear-Bearer (level 6, -7/47 HPs)
             Began as a Merfolk Monk on Jan 31, 2018.
             Killed by divine providence
             ... invoked by an orc priest
              (16 damage)
             ... on level 3 of the Dungeon.
             The game lasted 00:10:45 (2492 turns).

rb the Spear-Bearer (Merfolk Monk)                  Turns: 2492, Time: 00:10:45

Health: -7/47      AC: 12    Str: 14    XL:     6   Next: 6%
Magic:  15/15      EV:  5    Int:  9    God:
Gold:   63         SH:  0    Dex: 16    Spells: 5/5 levels left

rFire    . . .     SeeInvis .   a - +1 spear
rCold    . . .     Gourm    .   (no shield)
rNeg     . . .     Faith    .   p - +0 plate armour
rPois    .         Spirit   .   g - +1 helmet
rElec    .         Reflect  .   (no cloak)
rCorr    .         Harm     +   (no gloves)
MR       .....                  (no boots)
Stlth    ..........             n - amulet of harm
HPRegen  0.15/turn              t - ring of stealth
MPRegen  0.14/turn              m - ring of magical power

@: no status effects
A: change form in water, swift swim, stealthy swim
a: no special abilities


You were on level 3 of the Dungeon.
You were not hungry.

You visited 1 branch of the dungeon, and saw 3 of its levels.

You collected 63 gold pieces.

Inventory:

Hand Weapons
 a - a +1 spear (weapon)
 h - a +1 falchion of freezing
 s - a +0 mace
Missiles
 j - 3 javelins (quivered)
 l - 123 stones
Armour
 b - a +0 robe
 e - a +0 leather armour
 g - a +1 helmet (worn)
 o - a +0 ring mail
 p - a +0 plate armour (worn)
Jewellery
 m - a ring of magical power (right hand)
 n - an amulet of harm (around neck)
 t - a ring of stealth (left hand)
Potions
 f - a potion of haste {unknown}
 i - a potion of brilliance {unknown}
 k - a potion of heal wounds {unknown}
 q - a potion of resistance {unknown}
 r - a potion of lignification {unknown}
Comestibles
 c - 8 rations
 d - 10 chunks of flesh


   Skills:
 - Level 3.2 Fighting
 + Level 9.5 Polearms
 - Level 4.0 Dodging
 - Level 2.1 Stealth


You had 5 spell levels left.
You didn't know any spells.

Dungeon Overview and Level Annotations

Branches:
Dungeon (3/15)

Altars:
The Shining One


Message History

The orc is severely wounded.
The orc barely misses you.
You hit the orc.
You kill the orc!
Items here: ))))) [[ †††† Butcher a bat corpse? [(y)es/(c)hoosy/(n)o/(a)ll/(e)dible/(q)uit/?]
You butcher the bat corpse.
You butcher the orc corpse. x3
d - 4 chunks of flesh;
d - 6 chunks of flesh (gained 2)
d - 8 chunks of flesh (gained 2);
d - 9 chunks of flesh (gained 1)
Items here: ))))) [[ ÷
h - a falchion of freezing;
s - a mace You see here a rat corpse.
You butcher the rat corpse.
d - 10 chunks of flesh (gained 1)
You see here a rat skeleton.
You start resting.
The orc priest mumbles some strange prayers to Beogh against you.
Beogh smites you!
You die...

#.###
##.#
#o## #÷#
#.# #.#
# #.# .#
#.###..#
#.@....#
#####.##
.. ##


You could see an orc priest.

Vanquished Creatures
  A hound (D:2)
  2 orc wizards (D:3)
  2 orc priests
  2 adders (D:2)
  3 dart slugs (D:1)
  4 leopard geckos
  8 orcs
  4 giant cockroaches
  6 goblins
  4 hobgoblins
  5 kobolds
  4 bats
  5 frilled lizards
  7 rats
57 creatures vanquished.

Notes
Turn   | Place    | Note
-------+----------+-------------------------------------------
     0 | D:1      | rb the Merfolk Monk began the quest for the Orb.
     0 | D:1      | Reached XP level 1. HP: 18/18 MP: 1/1
    41 | D:1      | Reached skill level 5 in Polearms
    55 | D:1      | Reached XP level 2. HP: 24/24 MP: 2/2
   614 | D:1      | Reached skill level 6 in Polearms
   614 | D:1      | Reached XP level 3. HP: 29/29 MP: 3/3
   911 | D:2      | Found a glowing golden altar of the Shining One.
  1132 | D:2      | Reached skill level 7 in Polearms
  1132 | D:2      | Reached XP level 4. HP: 25/35 MP: 4/4
  2082 | D:2      | Reached skill level 8 in Polearms
  2082 | D:2      | Reached XP level 5. HP: 19/41 MP: 5/5
  2442 | D:3      | HP: 1/41 [orc priest/nerve-wracking pain (12)]
  2448 | D:3      | Reached skill level 9 in Polearms
  2462 | D:3      | Reached XP level 6. HP: 13/47 MP: 6/6
  2492 | D:3      | Killed from afar by an orc priest

Skill      XL: |  1  2  3  4  5 |
---------------+----------------+-----
Polearms       | 5 6 7 8 9 |  9.5
Fighting       | |  3.2
Dodging        | |  4.0
Stealth        | |  2.1

Action                   |  1- 3 |  4- 6 || total
-------------------------+-------+-------++-------
Melee: Spear             |    85 |   155 ||   240
       Tailslap          |     1 |       ||     1
  Use: Scroll            |     3 |     5 ||     8
       Potion            |       |     2 ||     2
 Stab: Sleeping          |     9 |     2 ||    11
  Eat: Chunk             |     1 |     4 ||     5
Armor: Leather armour    |     4 |       ||     4
       Robe              |     4 |     9 ||    13
       Plate armour      |       |    56 ||    56
Dodge: Dodged            |    27 |    51 ||    78
